Lightning vs Blues
Created - December 28, 2020 at 19:02
Goals
|
| Lightning |
1 |
1 |
2 |
4 |
| Blues |
0 |
2 |
0 |
2 |
|
Shots
|
| Lightning |
9 |
7 |
9 |
25 |
| Blues |
15 |
9 |
6 |
30 |
|
1st period
1. Lightning , Jonathan Huberdeau 10 (Jean-Gabriel Pageau 14, Justin Schultz 14) at 4:30
Penalties :
Philipp Grubauer (TB.) for Delaying the game (Minor) at 9:10 - Ben Lovejoy served the penalty
2nd period
2. Lightning , Tyler Johnson 22 (Ben Lovejoy 4) at 2:23 (SH)
3. Blues , Drew Shore 7 (Alex Pietrangelo 25, Cody Ceci 7) at 18:15
4. Blues , Drew Shore 8 (Fabian Brunnstrom 10, Alex Pietrangelo 26) at 19:08
Penalties :
Jonathan Huberdeau (TB.) for Roughing (Minor) at 2:07
3rd period
5. Lightning , Clarke MacArthur 7 (Brian Flynn 6, Jordin Tootoo 1) at 1:04
6. Lightning , Rasmus Ristolainen 5 (Tyler Johnson 29, Mark Scheifele 24) at 2:09 (PP)
Penalties :
Jake Gardiner (STL) for Tripping (Minor) at 2:05, Henrik Zetterberg (TB.) for Cross-checking (Minor) at 3:11, Sergei Shirokov (STL) for Holding (Minor) at 13:33
Goalie Stats
Philipp Grubauer (TB.), 28 saves from 30 shots - (0.933), W, 16-7-1, 60:00 minutes
Carey Price (STL), 15 saves from 19 shots - (0.789), L, 13-7-4, 42:09 minutes
Pascal Leclaire (STL), 6 saves from 6 shots - (1.000), 17:51 minutes
Players Stats for Lightning
Player Name G A P +/- PIM S H SB GA TA FO MP PP MP PK MP
------------------------------------------------------------------------------------
Ben Lovejoy 0 1 1 3 0 0 2 1 0 2 0/0 18:32 0:50 1:52
Brian Flynn 0 1 1 1 0 2 1 0 0 0 0/1 7:11 0:00 0:00
Clarke MacArthur 1 0 1 1 0 2 0 0 0 0 1/1 8:21 0:03 0:17
Henrik Zetterberg 0 0 0 0 2 0 1 0 0 0 0/0 19:20 0:53 1:06
Jean-Gabriel Pageau 0 1 1 1 0 3 4 1 0 1 5/7 18:41 0:53 1:47
Jesper Fast 0 0 0 -2 0 3 3 0 0 0 0/0 12:49 0:06 1:23
Jon Merrill 0 0 0 0 0 0 5 0 0 4 0/0 24:13 1:13 3:04
Jonathan Huberdeau 1 0 1 1 2 2 3 0 0 0 0/0 17:25 1:04 0:43
Jordin Tootoo 0 1 1 1 0 2 2 0 0 0 0/0 7:46 0:03 0:00
Justin Schultz 0 1 1 3 0 0 0 1 1 0 0/0 19:08 0:50 2:53
Kevin Marshall 0 0 0 -2 0 0 1 0 0 1 0/0 18:03 0:00 0:51
Ladislav Smid 0 0 0 -2 0 0 1 0 0 2 0/0 19:04 0:00 3:14
Linus Omark 0 0 0 -2 0 2 2 0 0 1 0/0 11:33 0:00 0:00
Mark Scheifele 0 1 1 1 0 4 3 0 1 0 16/36 21:20 1:07 3:18
Niclas Bergfors 0 0 0 1 0 1 1 0 2 0 0/0 16:13 0:53 0:00
Rasmus Ristolainen 1 0 1 0 0 2 0 2 1 0 0/0 21:42 1:13 0:00
Stephen Weiss 0 0 0 -2 0 0 1 1 0 0 4/9 11:00 0:00 0:00
Tyler Johnson 1 1 2 1 0 2 0 0 1 0 0/0 21:40 1:07 3:20
Players Stats for Blues
Player Name G A P +/- PIM S H SB GA TA FO MP PP MP PK MP
------------------------------------------------------------------------------------
Alex Pietrangelo 0 2 2 0 0 3 2 0 4 1 0/0 26:57 4:05 0:00
Anthony Mantha 0 0 0 2 0 0 1 0 0 0 0/0 12:24 0:00 0:00
Cody Ceci 0 1 1 -1 0 1 0 1 0 0 0/0 14:57 0:00 1:15
David Perron 0 0 0 -2 0 2 1 0 0 1 0/0 20:43 2:29 0:20
Drew Shore 2 0 2 2 0 4 2 0 0 1 4/5 13:36 0:00 1:12
Fabian Brunnstrom 0 1 1 2 0 5 0 0 0 0 0/0 12:42 0:00 0:18
Filip Forsberg 0 0 0 -1 0 0 3 0 1 0 0/0 16:22 3:28 0:39
Gustav Nyquist 0 0 0 0 0 0 1 0 1 0 0/0 9:21 0:00 0:00
Jake Gardiner 0 0 0 -1 2 1 1 0 1 1 0/0 21:44 4:05 0:48
Jimmy Vesey 0 0 0 0 0 0 1 0 0 0 0/0 9:21 0:00 0:00
Jordan Eberle 0 0 0 -3 0 2 2 0 1 0 1/1 22:20 3:28 0:59
Nicklas Backstrom 0 0 0 -3 0 2 1 0 2 0 14/29 21:21 3:28 0:00
Ryan Murray 0 0 0 1 0 2 3 2 0 1 0/0 24:06 1:52 0:48
Ryan O'Reilly 0 0 0 0 0 5 1 0 1 0 6/15 15:20 2:29 0:38
Sergei Shirokov 0 0 0 0 2 1 2 0 0 0 0/0 14:56 2:29 0:00
Shayne Gostisbehere 0 0 0 -1 0 2 0 1 0 1 0/0 16:01 1:52 0:00
Vincent Lecavalier 0 0 0 0 0 0 0 1 0 0 3/4 9:30 0:00 0:00
Yann Sauvé 0 0 0 0 0 0 1 1 0 0 0/0 16:14 0:00 1:15
3 Stars
1 - Drew Shore (STL)
2 - Tyler Johnson (TB.)
3 - Ben Lovejoy (TB.)
Power Play
Lightning - 1 on 2 Attempt(s) - 50.00%
Blues - 0 on 3 Attempt(s) - 0.00%
Penalty Kill
Lightning - 3 on 3 Attempt(s) - 100.00%
- Score 1 goal in Penalty Kill
Blues - 1 on 2 Attempt(s) - 50.00%
- Score 0 goal in Penalty Kill
Team Stat
Lightning - Hits : 30 - Faceoff Wins : 26 - Blocked Shots : 6 - Penalty Minutes : 6
Blues - Hits : 22 - Faceoff Wins : 28 - Blocked Shots : 6 - Penalty Minutes : 4
Official
Referees : Unknown
Linesman : Unknown
Game Notes
Pascal Leclaire enters game at 2:09 of 3rd period
Finance
Level 1 -- Attendance: 5020 (83.67%) -- Ticket Income $552,200
Level 2 -- Attendance: 3704 (74.08%) -- Ticket Income $266,688
Level 3 -- Attendance: 1585 (79.25%) -- Ticket Income $71,325
Level 4 -- Attendance: 3543 (88.58%) -- Ticket Income $106,290
Luxury Box -- Attendance: 822 (82.20%) -- Ticket Income $164,400
Game was played at the Scotttrade center.
Total Attendance: 14674 (81.52%)
Total Ticket Income: $1,160,903
Other Income: $174,135
Total Income: $1,335,038
Lightning
5 vs 5 Forward
Center Left Wing Right Wing Time % Phy DF OF
1 Mark Scheifele Henrik Zetterberg Tyler Johnson 40 0 2 3
2 Jean-Gabriel Pageau Jonathan Huberdeau Niclas Bergfors 35 0 2 3
3 Stephen Weiss Linus Omark Jesper Fast 20 1 2 2
4 Brian Flynn Clarke MacArthur Jordin Tootoo 5 1 2 2
5 vs 5 Defense
Defense Defense Time % Phy DF OF
1 Jon Merrill Rasmus Ristolainen 35 0 2 3
2 Ben Lovejoy Justin Schultz 30 1 2 2
3 Ladislav Smid Kevin Marshall 30 1 2 2
4 Jon Merrill Rasmus Ristolainen 5 1 2 2
PowerPlay Forward
Center Left Wing Right Wing Time % Phy DF OF
1 Mark Scheifele Jonathan Huberdeau Tyler Johnson 60 0 1 4
2 Jean-Gabriel Pageau Henrik Zetterberg Niclas Bergfors 40 0 1 4
PowerPlay Defense
Defense Defense Time % Phy DF OF
1 Jon Merrill Rasmus Ristolainen 60 0 1 4
2 Justin Schultz Ben Lovejoy 40 1 1 3
Penalty Kill 4 Players Forward
Center Wing Time % Phy DF OF
1 Mark Scheifele Tyler Johnson 60 1 3 1
2 Jean-Gabriel Pageau Henrik Zetterberg 40 1 3 1
Penalty Kill 4 Players Defense
Defense Defense Time % Phy DF OF
1 Ladislav Smid Jon Merrill 60 1 3 1
2 Ben Lovejoy Justin Schultz 40 1 3 1
Penalty Kill - 3 Players Forward
Forward Time % Phy DF OF
1 Tyler Johnson 60 1 3 1
2 Jean-Gabriel Pageau 40 1 3 1
Penalty Kill - 3 Players Defense
Defense Defense Time % Phy DF OF
1 Ladislav Smid Jon Merrill 60 1 3 1
2 Ben Lovejoy Justin Schultz 40 1 3 1
4 vs 4 Forward
Center Wing Time % Phy DF OF
1 Mark Scheifele Tyler Johnson 60 1 2 2
2 Jean-Gabriel Pageau Henrik Zetterberg 40 1 2 2
4 vs 4 Defense
Defense Defense Time % Phy DF OF
1 Jon Merrill Rasmus Ristolainen 60 1 2 2
2 Jon Merrill Justin Schultz 40 1 2 2
Last Minutes Offensive
Center Left Wing Right Wing Defense Defense
Mark Scheifele Jonathan Huberdeau Tyler Johnson Rasmus Ristolainen Justin Schultz
Last Minutes Defensive
Center Left Wing Right Wing Defense Defense
Jean-Gabriel Pageau Henrik Zetterberg Tyler Johnson Ben Lovejoy Jon Merrill
Goaltenders
Starting : Philipp Grubauer
Backup : Jhonas Enroth
Extra Forwards
Normal : Clarke MacArthur, Linus Omark, Henrik Zetterberg - PP : Jesper Fast, Jordin Tootoo - PK : Jesper Fast
Extra Defensemen
Normal : Jon Merrill, Rasmus Ristolainen, Justin Schultz - PP : Ladislav Smid - PK : Justin Schultz, Kevin Marshall
Penalty Shots
Mark Scheifele, Tyler Johnson, Niclas Bergfors, Henrik Zetterberg, Justin Schultz
Scratches
None
Blues
5 vs 5 Forward
Center Left Wing Right Wing Time % Phy DF OF
1 Nicklas Backstrom David Perron Jordan Eberle 40 1 2 2
2 Ryan O'Reilly Filip Forsberg Sergei Shirokov 30 1 2 2
3 Drew Shore Fabian Brunnstrom Anthony Mantha 20 1 2 2
4 Vincent Lecavalier Jimmy Vesey Gustav Nyquist 10 1 2 2
5 vs 5 Defense
Defense Defense Time % Phy DF OF
1 Alex Pietrangelo Ryan Murray 40 1 2 2
2 Yann Sauvé Jake Gardiner 30 1 2 2
3 Cody Ceci Shayne Gostisbehere 20 1 2 2
4 Alex Pietrangelo Jake Gardiner 10 1 2 2
PowerPlay Forward
Center Left Wing Right Wing Time % Phy DF OF
1 Nicklas Backstrom Filip Forsberg Jordan Eberle 60 1 1 3
2 Ryan O'Reilly David Perron Sergei Shirokov 40 1 1 3
PowerPlay Defense
Defense Defense Time % Phy DF OF
1 Alex Pietrangelo Jake Gardiner 60 1 2 2
2 Shayne Gostisbehere Ryan Murray 40 1 2 2
Penalty Kill 4 Players Forward
Center Wing Time % Phy DF OF
1 Drew Shore Jordan Eberle 60 1 3 1
2 Ryan O'Reilly David Perron 40 1 3 1
Penalty Kill 4 Players Defense
Defense Defense Time % Phy DF OF
1 Yann Sauvé Cody Ceci 60 2 3 0
2 Ryan Murray Jake Gardiner 40 2 3 0
Penalty Kill - 3 Players Forward
Forward Time % Phy DF OF
1 Nicklas Backstrom 60 1 2 2
2 Jordan Eberle 40 1 2 2
Penalty Kill - 3 Players Defense
Defense Defense Time % Phy DF OF
1 Alex Pietrangelo Cody Ceci 60 1 2 2
2 Ryan Murray Yann Sauvé 40 1 2 2
4 vs 4 Forward
Center Wing Time % Phy DF OF
1 Nicklas Backstrom Jordan Eberle 60 1 2 2
2 Ryan O'Reilly David Perron 40 1 2 2
4 vs 4 Defense
Defense Defense Time % Phy DF OF
1 Alex Pietrangelo Cody Ceci 60 1 2 2
2 Jake Gardiner Yann Sauvé 40 1 2 2
Last Minutes Offensive
Center Left Wing Right Wing Defense Defense
Nicklas Backstrom David Perron Jordan Eberle Alex Pietrangelo Jake Gardiner
Last Minutes Defensive
Center Left Wing Right Wing Defense Defense
Drew Shore David Perron Jordan Eberle Yann Sauvé Cody Ceci
Goaltenders
Starting : Carey Price
Backup : Pascal Leclaire
Extra Forwards
Normal : Sergei Shirokov, Vincent Lecavalier, Ryan O'Reilly - PP : Gustav Nyquist, Nicklas Backstrom - PK : Filip Forsberg
Extra Defensemen
Normal : Shayne Gostisbehere, Cody Ceci, Jake Gardiner - PP : Shayne Gostisbehere - PK : Shayne Gostisbehere, Jake Gardiner
Penalty Shots
David Perron, Jordan Eberle, Filip Forsberg, Vincent Lecavalier, Nicklas Backstrom
Scratches
Simon Gagné (Healthy)
% Time on Ice - Lightning
Lines # - Real PCT - Wanted PCT - Time Play
Normal Forward
1 - 34% - 40% - 17:27
2 - 31% - 35% - 16:22
3 - 21% - 20% - 11:00
4 - 14% - 5% - 7:11
Normal Defense
1 - 34% - 35% - 17:31
2 - 30% - 30% - 15:25
3 - 32% - 30% - 16:46
4 - 4% - 5% - 2:18
PP Forward
1 - 57% - 60% - 1:10
2 - 43% - 40% - 0:53
PP Defense
1 - 59% - 60% - 1:13
2 - 41% - 40% - 0:50
PK Forward
1 - 70% - 60% - 4:10
2 - 30% - 40% - 1:47
PK Defense
1 - 52% - 60% - 3:04
2 - 48% - 40% - 2:53
PK3 Forward
1 - 0% - 60%
2 - 0% - 40%
PK3 Defense
1 - 0% - 60%
2 - 0% - 40%
44 Forward
1 - 0% - 60%
2 - 0% - 40%
44 Defense
1 - 0% - 60%
2 - 0% - 40%
Last Minute Offensive - 0:00
Last Minute Defensive - 0:00
Total
Forward - 60:00
Defense - 60:00
|
% Time on Ice - Blues
Lines # - Real PCT - Wanted PCT - Time Play
Normal Forward
1 - 35% - 40% - 18:02
2 - 23% - 30% - 12:13
3 - 24% - 20% - 12:24
4 - 18% - 10% - 9:21
Normal Defense
1 - 39% - 40% - 20:08
2 - 32% - 30% - 16:38
3 - 24% - 20% - 12:30
4 - 5% - 10% - 2:44
PP Forward
1 - 58% - 60% - 3:28
2 - 42% - 40% - 2:29
PP Defense
1 - 69% - 60% - 4:05
2 - 31% - 40% - 1:52
PK Forward
1 - 84% - 60% - 1:43
2 - 16% - 40% - 0:20
PK Defense
1 - 61% - 60% - 1:15
2 - 39% - 40% - 0:48
PK3 Forward
1 - 0% - 60%
2 - 0% - 40%
PK3 Defense
1 - 0% - 60%
2 - 0% - 40%
44 Forward
1 - 0% - 60%
2 - 0% - 40%
44 Defense
1 - 0% - 60%
2 - 0% - 40%
Last Minute Offensive - 0:00
Last Minute Defensive - 0:00
Total
Forward - 60:00
Defense - 60:00
|
Play-by-Play
1st period
0:01 of 1st period - Nicklas Backstrom wins face-off versus Mark Scheifele in neutral zone.
0:14 of 1st period - Snap shot by Nicklas Backstrom.
0:14 of 1st period - Stopped by Philipp Grubauer with a rebound.
0:16 of 1st period - Slapshot by Ryan Murray.
0:16 of 1st period - Shot Hit the Post.
0:26 of 1st period - Ryan Murray is hit by Niclas Bergfors and loses puck.
0:53 of 1st period - Backhand shot by Linus Omark.
0:53 of 1st period - Stopped by Carey Price without a rebound.
0:54 of 1st period - Drew Shore wins face-off versus Brian Flynn in Blues zone.
0:54 of 1st period - Drew Shore is hit by Brian Flynn.
1:04 of 1st period - Snap shot by Jordin Tootoo.
1:04 of 1st period - Stopped by Carey Price without a rebound.
1:05 of 1st period - Vincent Lecavalier wins face-off versus Mark Scheifele in Blues zone.
1:40 of 1st period - Wrist shot by David Perron.
1:40 of 1st period - Stopped by Philipp Grubauer with a rebound.
1:42 of 1st period - Snap shot by Jordan Eberle.
1:42 of 1st period - Shot Misses the Net.
1:44 of 1st period - Snap shot by Cody Ceci.
1:44 of 1st period - Stopped by Philipp Grubauer without a rebound.
1:45 of 1st period - Stephen Weiss wins face-off versus Ryan O'Reilly in Lightning zone.
2:11 of 1st period - Yann Sauvé is hit by Jon Merrill and loses puck.
2:39 of 1st period - David Perron is hit by Ben Lovejoy and loses puck.
2:50 of 1st period - Wrist shot by Brian Flynn.
2:50 of 1st period - Stopped by Carey Price with a rebound.
3:10 of 1st period - Snap shot by Fabian Brunnstrom.
3:10 of 1st period - Stopped by Philipp Grubauer without a rebound.
3:11 of 1st period - Ryan O'Reilly wins face-off versus Stephen Weiss in Lightning zone.
3:24 of 1st period - Snap shot by Filip Forsberg.
3:24 of 1st period - Shot Misses the Net.
3:26 of 1st period - Slapshot by Ryan Murray.
3:26 of 1st period - Stopped by Philipp Grubauer with a rebound.
3:28 of 1st period - Backhand shot by Ryan O'Reilly.
3:28 of 1st period - Shot Blocked by Stephen Weiss.
3:38 of 1st period - Alex Pietrangelo is hit by Jean-Gabriel Pageau and loses puck.
3:47 of 1st period - Slapshot by Fabian Brunnstrom.
3:47 of 1st period - Stopped by Philipp Grubauer with a rebound.
3:57 of 1st period - Snap shot by Vincent Lecavalier.
3:57 of 1st period - Deflect By Jimmy Vesey.
3:57 of 1st period - Shot Misses the Net.
3:57 of 1st period - Puck is out of play.
3:58 of 1st period - Vincent Lecavalier wins face-off versus Mark Scheifele in Lightning zone.
4:28 of 1st period - Snap shot by Jean-Gabriel Pageau.
4:28 of 1st period - Shot Misses the Net.
4:30 of 1st period - Wrist shot by Jonathan Huberdeau.
4:30 of 1st period - Goal by Jonathan Huberdeau - Lightning : 1 - Blues : 0.
4:31 of 1st period - Mark Scheifele wins face-off versus Ryan O'Reilly in neutral zone.
4:58 of 1st period - David Perron is hit by Jean-Gabriel Pageau.
5:31 of 1st period - Jordan Eberle is hit by Jonathan Huberdeau.
6:00 of 1st period - Off-side.
6:01 of 1st period - Mark Scheifele wins face-off versus Ryan O'Reilly in neutral zone.
6:10 of 1st period - Ben Lovejoy is hit by Filip Forsberg and loses puck.
7:22 of 1st period - Fabian Brunnstrom is hit by Linus Omark and loses puck.
8:01 of 1st period - Cody Ceci is hit by Ladislav Smid and loses puck.
8:35 of 1st period - Wrist shot by Fabian Brunnstrom.
8:35 of 1st period - Shot Misses the Net.
9:08 of 1st period - Wrist shot by Filip Forsberg.
9:08 of 1st period - Shot Misses the Net.
9:10 of 1st period - Snap shot by Ryan O'Reilly.
9:10 of 1st period - Stopped by Philipp Grubauer without a rebound.
9:10 of 1st period - Minor Penalty to Philipp Grubauer for Delaying the game.
9:11 of 1st period - Nicklas Backstrom wins face-off versus Mark Scheifele in Lightning zone.
9:24 of 1st period - Slapshot by Alex Pietrangelo.
9:24 of 1st period - Deflect By Filip Forsberg.
9:24 of 1st period - Shot Misses the Net.
9:24 of 1st period - Puck is out of play.
9:25 of 1st period - Mark Scheifele wins face-off versus Nicklas Backstrom in Lightning zone.
10:39 of 1st period - Jon Merrill is hit by David Perron and loses puck.
11:10 of 1st period - Penalty to Ben Lovejoy is over, Ben Lovejoy is back on ice.
11:26 of 1st period - Kevin Marshall is hit by Jake Gardiner and loses puck.
12:07 of 1st period - Kevin Marshall is hit by Yann Sauvé and loses puck.
12:48 of 1st period - Snap shot by Mark Scheifele.
12:48 of 1st period - Stopped by Carey Price with a rebound.
13:24 of 1st period - Snap shot by Stephen Weiss.
13:24 of 1st period - Shot Blocked by Vincent Lecavalier.
14:14 of 1st period - Snap shot by Jesper Fast.
14:14 of 1st period - Stopped by Carey Price without a rebound.
14:15 of 1st period - Stephen Weiss wins face-off versus Ryan O'Reilly in Blues zone.
14:27 of 1st period - Slapshot by Shayne Gostisbehere.
14:27 of 1st period - Stopped by Philipp Grubauer without a rebound.
14:28 of 1st period - Mark Scheifele wins face-off versus Nicklas Backstrom in Lightning zone.
15:15 of 1st period - Snap shot by Fabian Brunnstrom.
15:15 of 1st period - Stopped by Philipp Grubauer without a rebound.
15:16 of 1st period - Drew Shore wins face-off versus Stephen Weiss in Lightning zone.
16:08 of 1st period - Snap shot by Jonathan Huberdeau.
16:08 of 1st period - Stopped by Carey Price without a rebound.
16:09 of 1st period - Nicklas Backstrom wins face-off versus Mark Scheifele in Blues zone.
16:09 of 1st period - Nicklas Backstrom is hit by Mark Scheifele.
16:17 of 1st period - Wrist shot by David Perron.
16:17 of 1st period - Stopped by Philipp Grubauer without a rebound.
16:18 of 1st period - Mark Scheifele wins face-off versus Nicklas Backstrom in Lightning zone.
16:37 of 1st period - Slapshot by Henrik Zetterberg.
16:37 of 1st period - Deflect By Mark Scheifele.
16:37 of 1st period - Stopped by Carey Price without a rebound.
16:38 of 1st period - Jean-Gabriel Pageau wins face-off versus Ryan O'Reilly in Blues zone.
16:39 of 1st period - Slapshot by Jonathan Huberdeau.
16:39 of 1st period - Deflect By Jean-Gabriel Pageau.
16:39 of 1st period - Stopped by Carey Price without a rebound.
16:40 of 1st period - Ryan O'Reilly wins face-off versus Jean-Gabriel Pageau in Blues zone.
16:40 of 1st period - Ryan O'Reilly is hit by Jonathan Huberdeau.
17:06 of 1st period - Wrist shot by Henrik Zetterberg.
17:06 of 1st period - Shot Misses the Net.
17:23 of 1st period - Mark Scheifele is hit by Drew Shore and loses puck.
17:28 of 1st period - Slapshot by Alex Pietrangelo.
17:28 of 1st period - Shot Blocked by Ben Lovejoy.
17:30 of 1st period - Slapshot by Alex Pietrangelo.
17:30 of 1st period - Stopped by Philipp Grubauer with a rebound.
17:32 of 1st period - Slapshot by Drew Shore.
17:32 of 1st period - Stopped by Philipp Grubauer with a rebound.
18:34 of 1st period - Shayne Gostisbehere is hit by Jonathan Huberdeau and loses puck.
18:55 of 1st period - Snap shot by Fabian Brunnstrom.
18:55 of 1st period - Stopped by Philipp Grubauer without a rebound.
18:56 of 1st period - Drew Shore wins face-off versus Stephen Weiss in Lightning zone.
19:00 of 1st period - Off-side.
19:01 of 1st period - Nicklas Backstrom wins face-off versus Mark Scheifele in neutral zone.
19:06 of 1st period - Slapshot by Alex Pietrangelo.
19:06 of 1st period - Stopped by Philipp Grubauer without a rebound.
19:07 of 1st period - Nicklas Backstrom wins face-off versus Mark Scheifele in Lightning zone.
19:44 of 1st period - Wrist shot by Ryan O'Reilly.
19:44 of 1st period - Deflect By Jean-Gabriel Pageau.
19:44 of 1st period - Stopped by Philipp Grubauer without a rebound.
19:45 of 1st period - Nicklas Backstrom wins face-off versus Mark Scheifele in Lightning zone.
Goals for this period are 1 for Lightning vs 0 for Blues.
Shots for this period are 9 for Lightning vs 15 for Blues.
2nd period
0:01 of 2nd period - Nicklas Backstrom wins face-off versus Mark Scheifele in neutral zone.
0:03 of 2nd period - Ryan Murray is hit by Jon Merrill.
0:59 of 2nd period - Jake Gardiner is hit by Jon Merrill and loses puck.
2:00 of 2nd period - Snap shot by Jean-Gabriel Pageau.
2:00 of 2nd period - Stopped by Carey Price with a rebound.
2:02 of 2nd period - Slapshot by Rasmus Ristolainen.
2:02 of 2nd period - Deflect By Niclas Bergfors.
2:02 of 2nd period - Shot Blocked by Ryan Murray.
2:02 of 2nd period - Puck is out of play.
2:03 of 2nd period - Jean-Gabriel Pageau wins face-off versus Nicklas Backstrom in Blues zone.
2:07 of 2nd period - Minor Penalty to Jonathan Huberdeau for Roughing.
2:08 of 2nd period - Nicklas Backstrom wins face-off versus Mark Scheifele in Lightning zone.
2:23 of 2nd period - Wrist shot by Tyler Johnson.
2:23 of 2nd period - Goal by Tyler Johnson - Lightning : 2 - Blues : 0.
2:24 of 2nd period - Mark Scheifele wins face-off versus Nicklas Backstrom in neutral zone.
4:07 of 2nd period - Penalty to Jonathan Huberdeau is over, Jonathan Huberdeau is back on ice.
4:16 of 2nd period - Shayne Gostisbehere is hit by Jon Merrill and loses puck.
5:27 of 2nd period - Shayne Gostisbehere is hit by Jordin Tootoo.
5:38 of 2nd period - Drew Shore is hit by Jon Merrill and loses puck.
6:06 of 2nd period - Jonathan Huberdeau is hit by Filip Forsberg and loses puck.
6:40 of 2nd period - Clarke MacArthur is hit by Alex Pietrangelo.
6:50 of 2nd period - Drew Shore is hit by Jesper Fast and loses puck.
7:17 of 2nd period - Gustav Nyquist is hit by Jordin Tootoo and loses puck.
7:28 of 2nd period - Snap shot by Jordin Tootoo.
7:28 of 2nd period - Stopped by Carey Price without a rebound.
7:29 of 2nd period - Nicklas Backstrom wins face-off versus Mark Scheifele in Blues zone.
8:06 of 2nd period - Ben Lovejoy is hit by Ryan O'Reilly and loses puck.
8:43 of 2nd period - Wrist shot by Niclas Bergfors.
8:43 of 2nd period - Deflect By Jonathan Huberdeau.
8:43 of 2nd period - Shot Misses the Net.
8:43 of 2nd period - Puck is out of play.
8:44 of 2nd period - Vincent Lecavalier wins face-off versus Mark Scheifele in Blues zone.
9:01 of 2nd period - Snap shot by Mark Scheifele.
9:01 of 2nd period - Shot Misses the Net.
9:21 of 2nd period - Off-side.
9:22 of 2nd period - Mark Scheifele wins face-off versus Nicklas Backstrom in neutral zone.
9:24 of 2nd period - Off-side.
9:25 of 2nd period - Mark Scheifele wins face-off versus Nicklas Backstrom in neutral zone.
9:36 of 2nd period - Tyler Johnson is hit by Jordan Eberle.
9:42 of 2nd period - Slapshot by Mark Scheifele.
9:42 of 2nd period - Shot Misses the Net.
10:56 of 2nd period - Jimmy Vesey is hit by Jean-Gabriel Pageau and loses puck.
11:05 of 2nd period - Snap shot by Jean-Gabriel Pageau.
11:05 of 2nd period - Stopped by Carey Price with a rebound.
11:22 of 2nd period - Slapshot by Shayne Gostisbehere.
11:22 of 2nd period - Stopped by Philipp Grubauer with a rebound.
11:24 of 2nd period - Snap shot by Jordan Eberle.
11:24 of 2nd period - Stopped by Philipp Grubauer without a rebound.
11:25 of 2nd period - Jean-Gabriel Pageau wins face-off versus Ryan O'Reilly in Lightning zone.
12:24 of 2nd period - Rasmus Ristolainen is hit by Anthony Mantha.
12:45 of 2nd period - Slapshot by Rasmus Ristolainen.
12:45 of 2nd period - Stopped by Carey Price with a rebound.
14:01 of 2nd period - Jake Gardiner is hit by Ben Lovejoy and loses puck.
14:20 of 2nd period - Slapshot by Rasmus Ristolainen.
14:20 of 2nd period - Shot Misses the Net.
14:22 of 2nd period - Snap shot by Brian Flynn.
14:22 of 2nd period - Stopped by Carey Price with a rebound.
14:59 of 2nd period - Snap shot by Sergei Shirokov.
14:59 of 2nd period - Deflect By Ryan O'Reilly.
14:59 of 2nd period - Stopped by Philipp Grubauer with a rebound.
15:03 of 2nd period - Snap shot by Ryan O'Reilly.
15:03 of 2nd period - Shot Misses the Net.
15:29 of 2nd period - Backhand shot by Clarke MacArthur.
15:29 of 2nd period - Stopped by Carey Price with a rebound.
15:43 of 2nd period - Wrist shot by Nicklas Backstrom.
15:43 of 2nd period - Stopped by Philipp Grubauer without a rebound.
15:44 of 2nd period - Nicklas Backstrom wins face-off versus Stephen Weiss in Lightning zone.
16:25 of 2nd period - Wrist shot by Jordan Eberle.
16:25 of 2nd period - Shot Misses the Net.
16:27 of 2nd period - Wrist shot by David Perron.
16:27 of 2nd period - Deflect By Jordan Eberle.
16:27 of 2nd period - Stopped by Philipp Grubauer without a rebound.
16:28 of 2nd period - Ryan O'Reilly wins face-off versus Jean-Gabriel Pageau in Lightning zone.
16:33 of 2nd period - Slapshot by Filip Forsberg.
16:33 of 2nd period - Shot Misses the Net.
16:35 of 2nd period - Snap shot by Yann Sauvé.
16:35 of 2nd period - Shot Misses the Net.
16:37 of 2nd period - Wrist shot by Sergei Shirokov.
16:37 of 2nd period - Stopped by Philipp Grubauer with a rebound.
16:55 of 2nd period - Yann Sauvé is hit by Kevin Marshall and loses puck.
17:16 of 2nd period - Gustav Nyquist is hit by Mark Scheifele and loses puck.
18:15 of 2nd period - Wrist shot by Drew Shore.
18:15 of 2nd period - Goal by Drew Shore - Lightning : 2 - Blues : 1.
18:16 of 2nd period - Nicklas Backstrom wins face-off versus Mark Scheifele in neutral zone.
18:43 of 2nd period - Jonathan Huberdeau is hit by Filip Forsberg and loses puck.
19:06 of 2nd period - Slapshot by Drew Shore.
19:06 of 2nd period - Stopped by Philipp Grubauer with a rebound.
19:08 of 2nd period - Snap shot by Fabian Brunnstrom.
19:08 of 2nd period - Deflect By Drew Shore.
19:08 of 2nd period - Goal by Drew Shore - Lightning : 2 - Blues : 2.
19:09 of 2nd period - Mark Scheifele wins face-off versus Nicklas Backstrom in neutral zone.
19:35 of 2nd period - Jonathan Huberdeau is hit by Sergei Shirokov and loses puck.
Goals for this period are 1 for Lightning vs 2 for Blues.
Shots for this period are 7 for Lightning vs 9 for Blues.
3rd period
0:01 of 3rd period - Mark Scheifele wins face-off versus Nicklas Backstrom in neutral zone.
0:06 of 3rd period - Slapshot by Ryan Murray.
0:06 of 3rd period - Stopped by Philipp Grubauer without a rebound.
0:07 of 3rd period - Mark Scheifele wins face-off versus Nicklas Backstrom in Lightning zone.
0:07 of 3rd period - Mark Scheifele is hit by Ryan Murray.
0:41 of 3rd period - David Perron is hit by Stephen Weiss and loses puck.
0:46 of 3rd period - Snap shot by Linus Omark.
0:46 of 3rd period - Stopped by Carey Price with a rebound.
1:04 of 3rd period - Wrist shot by Clarke MacArthur.
1:04 of 3rd period - Goal by Clarke MacArthur - Lightning : 3 - Blues : 2.
1:05 of 3rd period - Ryan O'Reilly wins face-off versus Mark Scheifele in neutral zone.
1:16 of 3rd period - Wrist shot by Ryan O'Reilly.
1:16 of 3rd period - Stopped by Philipp Grubauer without a rebound.
1:17 of 3rd period - Ryan O'Reilly wins face-off versus Mark Scheifele in Lightning zone.
1:18 of 3rd period - Slapshot by Alex Pietrangelo.
1:18 of 3rd period - Stopped by Philipp Grubauer without a rebound.
1:19 of 3rd period - Mark Scheifele wins face-off versus Ryan O'Reilly in Lightning zone.
1:28 of 3rd period - Ben Lovejoy is hit by Ryan Murray and loses puck.
1:48 of 3rd period - Off-side.
1:49 of 3rd period - Jean-Gabriel Pageau wins face-off versus Nicklas Backstrom in neutral zone.
2:05 of 3rd period - Minor Penalty to Jake Gardiner for Tripping.
2:06 of 3rd period - Mark Scheifele wins face-off versus Drew Shore in Blues zone.
2:09 of 3rd period - Slapshot by Rasmus Ristolainen.
2:09 of 3rd period - Deflect By Yann Sauvé.
2:09 of 3rd period - Goal by Rasmus Ristolainen - Lightning : 4 - Blues : 2.
2:09 of 3rd period - Pascal Leclaire enters game.
2:10 of 3rd period - Nicklas Backstrom wins face-off versus Mark Scheifele in neutral zone.
2:37 of 3rd period - Niclas Bergfors is hit by Ryan Murray and loses puck.
3:08 of 3rd period - Wrist shot by Drew Shore.
3:08 of 3rd period - Deflect By Fabian Brunnstrom.
3:08 of 3rd period - Stopped by Philipp Grubauer without a rebound.
3:09 of 3rd period - Mark Scheifele wins face-off versus Nicklas Backstrom in Lightning zone.
3:11 of 3rd period - Minor Penalty to Henrik Zetterberg for Cross-checking.
3:12 of 3rd period - Nicklas Backstrom wins face-off versus Mark Scheifele in Lightning zone.
5:11 of 3rd period - Penalty to Henrik Zetterberg is over, Henrik Zetterberg is back on ice.
5:42 of 3rd period - Vincent Lecavalier is hit by Jesper Fast and loses puck.
5:49 of 3rd period - Snap shot by Stephen Weiss.
5:49 of 3rd period - Shot Blocked by Cody Ceci.
6:17 of 3rd period - Kevin Marshall is hit by Alex Pietrangelo and loses puck.
6:58 of 3rd period - Yann Sauvé is hit by Henrik Zetterberg and loses puck.
7:13 of 3rd period - Anthony Mantha is hit by Linus Omark.
7:17 of 3rd period - Yann Sauvé is hit by Jesper Fast and loses puck.
7:34 of 3rd period - Slapshot by Jake Gardiner.
7:34 of 3rd period - Stopped by Philipp Grubauer without a rebound.
7:35 of 3rd period - Mark Scheifele wins face-off versus Nicklas Backstrom in Lightning zone.
7:52 of 3rd period - Wrist shot by Mark Scheifele.
7:52 of 3rd period - Stopped by Pascal Leclaire with a rebound.
8:02 of 3rd period - Niclas Bergfors is hit by Sergei Shirokov and loses puck.
8:32 of 3rd period - Stephen Weiss is hit by Jimmy Vesey and loses puck.
8:59 of 3rd period - Snap shot by Ryan O'Reilly.
8:59 of 3rd period - Stopped by Philipp Grubauer with a rebound.
9:09 of 3rd period - Wrist shot by Justin Schultz.
9:09 of 3rd period - Deflect By Tyler Johnson.
9:09 of 3rd period - Stopped by Pascal Leclaire without a rebound.
9:10 of 3rd period - Mark Scheifele wins face-off versus Vincent Lecavalier in Blues zone.
9:42 of 3rd period - Snap shot by Niclas Bergfors.
9:42 of 3rd period - Shot Blocked by Yann Sauvé.
10:24 of 3rd period - Snap shot by Tyler Johnson.
10:24 of 3rd period - Shot Misses the Net.
11:17 of 3rd period - Snap shot by Linus Omark.
11:17 of 3rd period - Shot Misses the Net.
11:19 of 3rd period - Snap shot by Jesper Fast.
11:19 of 3rd period - Stopped by Pascal Leclaire without a rebound.
11:20 of 3rd period - Nicklas Backstrom wins face-off versus Mark Scheifele in Blues zone.
11:29 of 3rd period - Wrist shot by Mark Scheifele.
11:29 of 3rd period - Stopped by Pascal Leclaire without a rebound.
11:30 of 3rd period - Jordan Eberle wins face-off versus Mark Scheifele in Blues zone.
11:57 of 3rd period - Snap shot by Ryan O'Reilly.
11:57 of 3rd period - Shot Blocked by Jean-Gabriel Pageau.
12:05 of 3rd period - Snap shot by Filip Forsberg.
12:05 of 3rd period - Shot Blocked by Justin Schultz.
12:42 of 3rd period - Jon Merrill is hit by Nicklas Backstrom and loses puck.
13:03 of 3rd period - Snap shot by Mark Scheifele.
13:03 of 3rd period - Shot Blocked by Ryan Murray.
13:33 of 3rd period - Minor Penalty to Sergei Shirokov for Holding.
13:34 of 3rd period - Drew Shore wins face-off versus Mark Scheifele in Blues zone.
14:11 of 3rd period - Wrist shot by Henrik Zetterberg.
14:11 of 3rd period - Shot Misses the Net.
14:29 of 3rd period - David Perron is hit by Jean-Gabriel Pageau and loses puck.
15:33 of 3rd period - Penalty to Sergei Shirokov is over, Sergei Shirokov is back on ice.
16:00 of 3rd period - Justin Schultz is hit by Jordan Eberle and loses puck.
16:20 of 3rd period - Icing by Filip Forsberg.
16:21 of 3rd period - Clarke MacArthur wins face-off versus Ryan O'Reilly in Blues zone.
16:44 of 3rd period - Henrik Zetterberg is hit by Gustav Nyquist and loses puck.
16:51 of 3rd period - Wrist shot by Jimmy Vesey.
16:51 of 3rd period - Shot Blocked by Rasmus Ristolainen.
16:53 of 3rd period - Slapshot by Alex Pietrangelo.
16:53 of 3rd period - Shot Blocked by Rasmus Ristolainen.
16:55 of 3rd period - Snap shot by Jimmy Vesey.
16:55 of 3rd period - Shot Misses the Net.
16:57 of 3rd period - Snap shot by Gustav Nyquist.
16:57 of 3rd period - Shot Misses the Net.
17:17 of 3rd period - Linus Omark is hit by Drew Shore and loses puck.
17:31 of 3rd period - Off-side.
17:32 of 3rd period - Jean-Gabriel Pageau wins face-off versus Nicklas Backstrom in neutral zone.
18:13 of 3rd period - Snap shot by Niclas Bergfors.
18:13 of 3rd period - Shot Blocked by Shayne Gostisbehere.
18:15 of 3rd period - Snap shot by Niclas Bergfors.
18:15 of 3rd period - Stopped by Pascal Leclaire without a rebound.
18:16 of 3rd period - Stephen Weiss wins face-off versus Ryan O'Reilly in Blues zone.
18:17 of 3rd period - Snap shot by Jesper Fast.
18:17 of 3rd period - Stopped by Pascal Leclaire without a rebound.
18:18 of 3rd period - Ryan O'Reilly wins face-off versus Stephen Weiss in Blues zone.
18:28 of 3rd period - Off-side.
18:29 of 3rd period - Stephen Weiss wins face-off versus Nicklas Backstrom in neutral zone.
18:56 of 3rd period - Ryan Murray is hit by Mark Scheifele.
Goals for this period are 2 for Lightning vs 0 for Blues.
Shots for this period are 9 for Lightning vs 6 for Blues.